[Event "Late-Titled-Tuesday-Blitz-May-07-2024"]
[Site "Chess.com"]
[Date "2024.05.07"]
[Round "5"]
[White "Hilary46"]
[Black "Nadtkins"]
[Result "0-1"]
[WhiteElo "2711"]
[BlackElo "2533"]
[TimeControl "180+1"]
[EndTime "14:58:28 PDT"]
[Termination "Nadtkins won by checkmate"]

1. e4 e5 2. Nf3 Nc6 3. Bb5 a6 4. Ba4 d6 5. O-O Bd7 6. c3 g6 7. d4 Bg7 8. Re1 Nf6 9. Bc2 O-O 10. h3 Nh5 11. Bg5 Qe8 12. Qd2 f6 13. Bh6 Bxh6 14. Qxh6 Nd8 15. Qc1 Nf4 16. Nbd2 Kh8 17. Kh2 Qe7 18.
Ng1 Qg7 19. g3 Nxh3 20. Nxh3 Qh6 21. Nf3 Qxh3+ 22. Kg1 Ne6 23. d5 Ng7 24. Qe3 h6 25.
Bd3 Be8 26. Bf1 Qh5 27. Be2 Qh3 28. Bf1 Qh5 29. Be2 Qh3 30. Nh4 Kh7 31. Bf1 Qd7 32. Kh2 Qf7 33. Bd3 Bd7 34. Kg2 g5 35. Nf3 Rh8 36. Rh1 Kg8 37. Raf1 h5 38. Nd2 Qg6 39.
c4 b6 40. b4 h4 41. c5 bxc5 42. bxc5 Ne8 43. c6 Bc8 44. Rb1 hxg3 45. Rxh8+ Kxh8 46. Rh1+ Kg8 47. fxg3 Rb8 48. Nb3 Bg4 49. Be2 Bxe2 50.
Qxe2 Rb4 51. Re1 f5 52. Qd2 Rc4 53. exf5 Qxf5 54. Qe2 Ra4 55. Rf1 Qg4 56. Qxg4 Rxg4 57. Rc1 Ra4 58. Rc2 Nf6 59. Rd2 Ne4 60. Rb2 Nc3 61.
Nc1 Nxd5 62. Rb8+ Kf7 63. Nd3 Rxa2+ 64. Kh3 Ra3 65. Nf2 Ne7 66. Ne4 Nxc6 67. Rc8 Ke6 68. Nxg5+ Kd7 69. Rh8 Nd4 70. Kh4 a5 71. g4 Ra1 72. Rh7+ Kc6 73. Kg3 a4 74. Rh8 a3 75.
Ra8 Kb7 76. Ra4 Kb6 77. Ne4 Kb5 78. Ra8 Kb4 79. g5 a2 80. Kg2 Kb3 81. Nd2+ Kc2 82. Nc4 Kb3 83. Nd2+ Kc2 84. Nc4 Kc3 85. Ne3 Kd3 86.
Nd5 Ke4 87. Nb4 Kf5 88. Nd5 Kxg5 89. Kh2 Kf5 90. Kg2 Ke4 91. Nc3+ Ke3 92. Nxa2 c5 93. Ra3+ Kf4 94. Ra8 Ke4 95. Nc3+ Kd3 96. Rxa1 Kxc3 97.
Ra6 Kd3 98. Kf2 c4 99. Rxd6 e4 100. Ke1 c3 101. Kd1 c2+ 102. Kc1 Kc3 103. Rd8 Nb3# 0-1

[Event "Late-Titled-Tuesday-Blitz-May-07-2024"]
[Site "Chess.com"]
[Date "2024.05.07"]
[Round "5"]
[White "ViIIagra"]
[Black "ozates"]
[Result "1-0"]
[WhiteElo "2844"]
[BlackElo "2651"]
[TimeControl "180+1"]
[EndTime "14:58:59 PDT"]
[Termination "ViIIagra won by checkmate"]

1. g3 c5 2. Bg2 Nc6 3. c4 g6 4. h4 h6 5. h5 g5 6. Nc3 Bg7 7.
d3 d6 8. f4 e5 9. fxg5 hxg5 10.
e4 Nd4 11. Nd5 Be6 12. Nf3 Bg4 13. Nxd4 Bxd1 14. Nf5 Bg4 15. Nxg7+ Kf8 16. Ne3 Kxg7 17. Nxg4 Nh6 18. Ne3 Qd7 19. O-O Raf8 20. Rf5 Nxf5 21.
Nxf5+ Kh7 22. Bxg5 Rhg8 23. Bh4 Qa4 24. Ne3 Qb4 25.
Rf1 Qd2 26. Nd5 Qxd3 27. Kh2 f5 28. exf5 Qxc4 29. f6 Kh6 30. f7 Rg4 31. Rf6+ Kh7 32. Kh3 Rxh4+ 33. gxh4 Qd3+ 34. Kh2 e4 35. Rf5 e3 36.
Be4 Qd2+ 37. Rf2+ Kh6 38. Rxd2 exd2 39. Nc3 Rxf7 40. Kg2 Rf4 41. Bf3 Rxh4 42. Bd1 a6 43. Kf2 b5 44. Ke2 Rh2+ 45. Kd3 b4 46. Ne4 d5 47. Nxc5 a5 48. Nb3 a4 49. Nxd2 Rh1 50. Bxa4 Rh3+ 51. Kc2 Kxh5 52. Bb3 Kg5 53. Bxd5 Kf4 54.
Be6 Rh2 55. Kd3 Ke5 56. Bc4 Rh3+ 57. Kc2 Kd4 58. Bf1 Rh2 59. Kd1 Ke3 60. Nc4+ Kd4 61.
Be2 Rh1+ 62. Kd2 Rh2 63. Ne3 Rh1 64. Nc2+ Kc5 65. b3 Rh2 66. Kd1 Rh1+ 67. Kd2 Rh2 68.
Kd3 Rh3+ 69. Ne3 Rh1 70. Nc4 Ra1 71. Kc2 Rxa2+ 72. Nb2 Ra1 73. Bc4 Rh1 74. Nd3+ Kd4 75. Nxb4 Rh2+ 76. Kb1 Kc3 77. Na2+ Kd4 78. Bf7 Rf2 79.
Bg8 Kc5 80. Bh7 Kb5 81. Bc2 Kc5 82. Kb2 Kb5 83. Kc3 Kc5 84. Nb4 Rf3+ 85. Nd3+ Kb5 86. Bd1 Rg3 87. Bh5 Rh3 88. Be8+ Kb6 89. Bg6 Rg3 90. Be4 Kb5 91. Bd5 Rh3 92. Bc4+ Kc6 93. b4 Rh1 94. Kd4 Rb1 95. Kc3 Kb6 96. Bb3 Kc6 97.
Bc2 Ra1 98. Kc4 Ra2 99. Bb3 Ra1 100. b5+ Kb6 101. Kb4 Rh1 102. Nc5 Rh4+ 103. Bc4 Rg4 104. Na4+ Kb7 105. Kc5 Rg5+ 106. Bd5+ Kb8 107. Nb6 Rg1 108. Kc6 Rc1+ 109. Bc4 Rb1 110. Nd7+ Kc8 111. b6 Rxb6+ 112. Nxb6+ Kd8 113. Kd6 Ke8 114. Nd7 Kd8 115. Bf7 Kc8 116. Nc5 Kd8 117. Nb7+ Kc8 118. Kc6 Kb8 119. Be6 Ka8 120. Kc7 Ka7 121. Nc5 Ka8 122. Nd7 Ka7 123. Bc4 Ka8 124. Nb6+ Ka7 125. Nc8+ Ka8 126. Bd5# 1-0

[Event "Late-Titled-Tuesday-Blitz-May-07-2024"]
[Site "Chess.com"]
[Date "2024.05.07"]
[Round "6"]
[White "Nicolik"]
[Black "chess_sharparchitect"]
[Result "1-0"]
[WhiteElo "2493"]
[BlackElo "2284"]
[TimeControl "180+1"]
[EndTime "15:01:35 PDT"]
[Termination "Nicolik won by resignation"]

1. d4 Nf6 2. Nc3 d5 3. Bf4 c6 4. e3 e6 5. Nf3 Bd6 6. Ne5 Nbd7 7. Nxc6 bxc6 8. Bxd6 Nb6 9. Ba3 Rb8 10. Bd3 Nc4 11.
Bxc4 dxc4 12. O-O Nd5 13. Ne4 Nb4 14. c3 Qd5 15. Qg4 1-0

[Event "Late-Titled-Tuesday-Blitz-May-07-2024"]
[Site "Chess.com"]
[Date "2024.05.07"]
[Round "6"]
[White "IsaqueGoncalvesSanto"]
[Black "ChEsper99"]
[Result "0-1"]
[WhiteElo "1821"]
[BlackElo "2296"]
[TimeControl "180+1"]
[EndTime "15:01:45 PDT"]
[Termination "ChEsper99 won by resignation"]

1. d4 g6 2. c4 Bg7 3. Nc3 d6 4. e4 Nf6 5. f3 O-O 6. Be3 c5 7. d5 Qa5 8. Qd2 e6 9. dxe6 Bxe6 10. Qxd6 Nxe4 11. fxe4 Bxc3+ 12. Kf2 Bxb2 13. Bxc5 Rd8 0-1

[Event "Late-Titled-Tuesday-Blitz-May-07-2024"]
[Site "Chess.com"]
[Date "2024.05.07"]
[Round "6"]
[White "Casablanca"]
[Black "OparinGrigoriy"]
[Result "0-1"]
[WhiteElo "2704"]
[BlackElo "2988"]
[TimeControl "180+1"]
[EndTime "15:01:57 PDT"]
[Termination "OparinGrigoriy won by resignation"]

1. d4 Nf6 2. Bg5 Nc6 3. Nf3 Ne4 4. Bf4 d5 5. e3 f6 6. c4 e5 7. dxe5 Bb4+ 8. Ke2 Be6 9. a3 Be7 10. Nbd2 O-O 11.
cxd5 Qxd5 12. Nxe4 Qxe4 13. Ke1 Rad8 14. Qb1 Bb4+ 0-1

[Event "Late-Titled-Tuesday-Blitz-May-07-2024"]
[Site "Chess.com"]
[Date "2024.05.07"]
[Round "6"]
[White "Horokoskii"]
[Black "dennisodessa"]
[Result "0-1"]
[WhiteElo "2167"]
[BlackElo "2540"]
[TimeControl "180+1"]
[EndTime "15:01:57 PDT"]
[Termination "dennisodessa won by resignation"]

1. c4 e5 2. Nc3 Nc6 3. Nf3 Nf6 4. e4 Bb4 5. Nd5 Nxe4 6. Qe2 Nf6 7. Nxe5 Nd4 8. Nxf6+ Qxf6 9. Nxd7+ Kxd7 10. Qg4+ Kd8 11. Be2 Bxg4 0-1

[Event "Late-Titled-Tuesday-Blitz-May-07-2024"]
[Site "Chess.com"]
[Date "2024.05.07"]
[Round "6"]
[White "secretworker2027"]
[Black "TheoSlade"]
[Result "1-0"]
[WhiteElo "2661"]
[BlackElo "2472"]
[TimeControl "180+1"]
[EndTime "15:02:30 PDT"]
[Termination "secretworker2027 won by resignation"]

1. e4 e5 2. Nf3 Nc6 3. Bc4 Bc5 4. c3 Nf6 5. d4 exd4 6. b4 Bb6 7. e5 d5 8. exf6 dxc4 9. Qe2+ Be6 10. b5 Na5 11. fxg7 Rg8 12. cxd4 Qd7 13. Bg5 Rxg7 14. O-O Qxb5 15.
Nc3 Qb4 16. d5 Qxc3 17. dxe6 Qd3 18. exf7+ Kxf7 19. Ne5+ Kg8 20. Nxd3 cxd3 21. Qe6+ Kh8 22. Bf6 1-0

[Event "Late-Titled-Tuesday-Blitz-May-07-2024"]
[Site "Chess.com"]
[Date "2024.05.07"]
[Round "6"]
[White "MusicCityMaster"]
[Black "IMRosen"]
[Result "1-0"]
[WhiteElo "2481"]
[BlackElo "2630"]
[TimeControl "180+1"]
[EndTime "15:02:44 PDT"]
[Termination "MusicCityMaster won by checkmate"]

1. e4 a5 2. Nf3 Ra6 3. d4 g6 4. Bxa6 Nxa6 5. O-O Bg7 6. c3 b6 7. Re1 e6 8. Nbd2 Ne7 9. Nf1 h6 10. Ng3 O-O 11. e5 d5 12. Be3 c5 13. Qd2 Kh7 14. h4 Nf5 15. Nxf5 gxf5 16. g3 c4 17. Kg2 b5 18. Rh1 Rg8 19. Qe2 Bf8 20. Ng5+ Kg6 21. Nh3 Be7 22. Qh5+ Kxh5 23. Nf4+ Kg4 24. f3# 1-0

[Event "Late-Titled-Tuesday-Blitz-May-07-2024"]
[Site "Chess.com"]
[Date "2024.05.07"]
[Round "6"]
[White "super_emi_26"]
[Black "Polish_fighter3000"]
[Result "0-1"]
[WhiteElo "2851"]
[BlackElo "3120"]
[TimeControl "180+1"]
[EndTime "15:02:54 PDT"]
[Termination "Polish_fighter3000 won by resignation"]

1. b3 e5 2. Bb2 Nc6 3. e3 a6 4. Nc3 d5 5. d4 exd4 6. exd4 Nf6 7.
Nf3 Bd6 8. Be2 O-O 9. O-O Re8 10. Re1 Bg4 11. h3 Bxf3 12. Bxf3 Rxe1+ 13. Qxe1 Nxd4 14. Qd1 Be5 15. Qd3 Qd6 16. Rd1 c6 17. Na4 Nxf3+ 18. Qxf3 Bxb2 19. Nxb2 Qa3 20. Na4 Qxa2 21. Qd3 Qa3 22. Re1 Qd6 23. c4 h6 24. Nb6 Rd8 25. Qf5 Qb4 0-1

[Event "Late-Titled-Tuesday-Blitz-May-07-2024"]
[Site "Chess.com"]
[Date "2024.05.07"]
[Round "6"]
[White "NM_Koval"]
[Black "Walter_White_Poland"]
[Result "0-1"]
[WhiteElo "2237"]
[BlackElo "2417"]
[TimeControl "180+1"]
[EndTime "15:02:55 PDT"]
[Termination "Walter_White_Poland won by resignation"]

1. d4 d5 2. c4 e6 3. Nc3 Be7 4. Bf4 Nf6 5. e3 O-O 6. h3 c5 7. Nf3 Nc6 8. Rc1 cxd4 9. exd4 b6 10. Be2 Bb7 11. O-O dxc4 12. Bxc4 Nb4 13. Be5 Rc8 14. Be2 a5 15. a3 Nbd5 16. Qd2 Nxc3 17. Rxc3 Rxc3 18. Qxc3 Qc8 19. Bc7 Nd5 0-1

[Event "Late-Titled-Tuesday-Blitz-May-07-2024"]
[Site "Chess.com"]
[Date "2024.05.07"]
[Round "6"]
[White "cycygogne"]
[Black "Zampronha1971"]
[Result "0-1"]
[WhiteElo "2175"]
[BlackElo "2461"]
[TimeControl "180+1"]
[EndTime "15:03:01 PDT"]
[Termination "Zampronha1971 won by resignation"]

1. e4 c5 2. Nf3 e6 3. d4 cxd4 4.
Nxd4 Nc6 5. Nc3 Qc7 6. Be3 a6 7. Bd3 Nf6 8. O-O Ne5 9. Kh1 Neg4 10. Nf3 Nxe3 11. fxe3 Ng4 12. Qe2 Bc5 13. Nd1 b5 14. h3 h5 15. c3 Bb7 16. a4 b4 17. cxb4 Bxb4 18. Nf2 Ne5 19. Rac1 Qd6 20. Nxe5 Qxe5 21. Rc4 Bd6 0-1

[Event "Late-Titled-Tuesday-Blitz-May-07-2024"]
[Site "Chess.com"]
[Date "2024.05.07"]
[Round "6"]
[White "stollenmonster"]
[Black "dlp300"]
[Result "1-0"]
[WhiteElo "2874"]
[BlackElo "2658"]
[TimeControl "180+1"]
[EndTime "15:03:10 PDT"]
[Termination "stollenmonster won by resignation"]

1. e4 c6 2. d4 d5 3. e5 Bf5 4. Ne2 e6 5. Ng3 Bg6 6. h4 h5 7. Bd3 Bxd3 8. cxd3 g6 9. Nd2 Qb6 10. Nf3 Bh6 11. O-O Nd7 12. b4 Bxc1 13. Qxc1 Nh6 14. Qf4 Ng4 15. Rab1 Qa6 16. Ng5 Rf8 17. f3 f6 18. Nxe6 1-0

[Event "Late-Titled-Tuesday-Blitz-May-07-2024"]
[Site "Chess.com"]
[Date "2024.05.07"]
[Round "6"]
[White "Cuchulin"]
[Black "SergioMoralesG"]
[Result "0-1"]
[WhiteElo "2228"]
[BlackElo "2472"]
[TimeControl "180+1"]
[EndTime "15:03:14 PDT"]
[Termination "SergioMoralesG won by resignation"]

1. d4 d5 2. Bf4 Nf6 3. e3 c5 4. Nc3 a6 5. dxc5 Qa5 6. a3 Qxc5 7.
Nf3 Nc6 8. Be2 e6 9. h3 Be7 10.
O-O O-O 11. Ne5 Nxe5 12. Bxe5 Nd7 13. Bg3 Bf6 14. Na4 Qc6 15. c3 b5 16. Bd3 bxa4 17.
f4 Nc5 18. Bc2 Rb8 19. Rb1 Ne4 20. Bh2 Bd7 21. f5 e5 22. g4 Rb7 23. Qe2 Rfb8 24. Qg2 Rxb2 25. Bxe4 Rxg2+ 0-1

[Event "Late-Titled-Tuesday-Blitz-May-07-2024"]
[Site "Chess.com"]
[Date "2024.05.07"]
[Round "6"]
[White "Giantgoogachess"]
[Black "merinasian"]
[Result "0-1"]
[WhiteElo "2269"]
[BlackElo "2474"]
[TimeControl "180+1"]
[EndTime "15:03:17 PDT"]
[Termination "merinasian won by resignation"]

1. Nf3 g6 2. d4 Bg7 3. b3 d6 4.
Bb2 Nd7 5. g3 e5 6. Bg2 e4 7.
Nfd2 f5 8. O-O Ngf6 9. e3 O-O 10. c4 c6 11. Nc3 d5 12. Ba3 Re8 13. cxd5 Nxd5 14.
Nxd5 cxd5 15. Nb1 Nf6 16. Nc3 Qa5 17. Qc1 Be6 18. b4 Qd8 19. Qb2 Nd7 20. Na4 b5 21.
Nc5 Nb6 22. Qb3 Nc4 23. Bb2 g5 24. a4 bxa4 25. Rxa4 f4 26. Nxe6 Rxe6 27. Bh3 Rh6 28. Bg4 Nd2 29. Qd1 Nxf1 30. Qxf1 fxe3 31. fxe3 Rf6 32. Qb5 Kh8 33. Ra6 Rb8 34. Qa4 Rxa6 35. Qxa6 Rxb4 36. Ba3 Rb1+ 37. Kg2 Ra1 0-1

[Event "Late-Titled-Tuesday-Blitz-May-07-2024"]
[Site "Chess.com"]
[Date "2024.05.07"]
[Round "6"]
[White "nitpicker"]
[Black "Magicmaster17"]
[Result "0-1"]
[WhiteElo "2286"]
[BlackElo "2882"]
[TimeControl "180+1"]
[EndTime "15:03:26 PDT"]
[Termination "Magicmaster17 won by resignation"]

1. d4 Nf6 2. c4 c5 3. d5 g6 4. Nc3 Bg7 5. e4 O-O 6. Nf3 e6 7. Bd3 exd5 8. exd5 Re8+ 9. Be2 d6 10. O-O Bf5 11. h3 Na6 12. a3 Qd7 13. Bf4 Ne4 14.
Nxe4 Rxe4 15. Bc1 Nc7 16. Nd2 Re7 17. g4 Rae8 18. Re1 Bd3 0-1

[Event "Late-Titled-Tuesday-Blitz-May-07-2024"]
[Site "Chess.com"]
[Date "2024.05.07"]
[Round "6"]
[White "ritanovikova"]
[Black "CombativeWombat"]
[Result "0-1"]
[WhiteElo "2174"]
[BlackElo "2340"]
[TimeControl "180+1"]
[EndTime "15:03:30 PDT"]
[Termination "CombativeWombat won by resignation"]

1. e4 e5 2. Nc3 Nc6 3. Bc4 Nf6 4. d3 Bc5 5. Nf3 d6 6. O-O Na5 7.
Bb5+ c6 8. Ba4 b5 9. Nxb5 cxb5 10. Bxb5+ Bd7 11. Bxd7+ Qxd7 12. c3 Nc6 13. b4 Bb6 14. a4 a5 15. b5 Nd8 16. Bg5 Ne6 17. Bxf6 gxf6 18. d4 Rg8 19. d5 Nf4 20. g3 Qh3 21. Ne1 h5 22. Qf3 h4 23. Kh1 hxg3 24. fxg3 Rxg3 25.
Qe2 Ke7 26. Rxf4 exf4 27. Nd3 Rxd3 0-1

[Event "Late-Titled-Tuesday-Blitz-May-07-2024"]
[Site "Chess.com"]
[Date "2024.05.07"]
[Round "6"]
[White "XDPS"]
[Black "ahkashefi2800"]
[Result "1-0"]
[WhiteElo "2829"]
[BlackElo "2586"]
[TimeControl "180+1"]
[EndTime "15:03:40 PDT"]
[Termination "XDPS won by resignation"]

1. d4 d5 2. c4 c6 3. Nf3 Nf6 4. Nbd2 e6 5. Qc2 Be7 6. e4 dxe4 7. Nxe4 Nxe4 8. Qxe4 Nd7 9. Bd3 Nf6 10. Qe2 Bb4+ 11.
Kf1 O-O 12. Bg5 Be7 13. Rd1 b6 14. Ne5 Bb7 15. h4 Rc8 16. Rh3 Kh8 17. Bc2 h6 18. Rg3 Ng8 19. Qd3 g6 20. Nxg6+ fxg6 21. Qxg6 Rf5 22.
Bxh6 1-0

[Event "Late-Titled-Tuesday-Blitz-May-07-2024"]
[Site "Chess.com"]
[Date "2024.05.07"]
[Round "6"]
[White "Vazabanga"]
[Black "Chessdreamer2020"]
[Result "1-0"]
[WhiteElo "2694"]
[BlackElo "2520"]
[TimeControl "180+1"]
[EndTime "15:03:45 PDT"]
[Termination "Vazabanga won by resignation"]

1. d4 d6 2. Nf3 g6 3. g3 Bg7 4. Bg2 Nd7 5. O-O e5 6. c4 Ne7 7. Nc3 O-O 8. e4 exd4 9. Nxd4 Nc6 10. Nc2 Nde5 11. Ne3 a5 12. f4 Nd7 13. Ned5 Nc5 14.
Be3 Re8 15. Re1 Be6 16. Qd2 Bxd5 17. cxd5 Nb4 18. Bxc5 dxc5 19. e5 b6 20. Rad1 Rb8 21. a3 Na6 22. Ne4 Bh6 23. Nf6+ Kh8 24. Nxe8 Qxe8 25.
d6 Rd8 26. Bb7 cxd6 27. Bxa6 dxe5 28. Qxd8 1-0

[Event "Late-Titled-Tuesday-Blitz-May-07-2024"]
[Site "Chess.com"]
[Date "2024.05.07"]
[Round "6"]
[White "Nechitaylo_Nikita"]
[Black "MikeSailer"]
[Result "1-0"]
[WhiteElo "2337"]
[BlackElo "2124"]
[TimeControl "180+1"]
[EndTime "15:03:49 PDT"]
[Termination "Nechitaylo_Nikita won by resignation"]

1. d4 d5 2. c4 c6 3. cxd5 cxd5 4. Bf4 Nf6 5. e3 Nc6 6. Nc3 g6 7. Nf3 a6 8. Be2 Bg7 9. O-O O-O 10. Ne5 e6 11.
Nxc6 bxc6 12. Rc1 c5 13. dxc5 Qa5 14. c6 Ne4 15. Nxe4 dxe4 16. Qb3 e5 17. Bg3 Be6 18. Bc4 Rfe8 19. Bxe6 Rxe6 20. c7 Rc8 21. Qb7 Ree8 22. a3 Qb5 23. Qxb5 axb5 24. Rc5 Bf8 25. Rxe5 Rxe5 26. Bxe5 1-0

[Event "Late-Titled-Tuesday-Blitz-May-07-2024"]
[Site "Chess.com"]
[Date "2024.05.07"]
[Round "6"]
[White "mishanick"]
[Black "AlexeiShirov"]
[Result "1-0"]
[WhiteElo "3062"]
[BlackElo "2889"]
[TimeControl "180+1"]
[EndTime "15:03:50 PDT"]
[Termination "mishanick won by resignation"]

1. d4 d5 2. c4 c6 3. Nf3 Nf6 4. Nc3 e6 5. e3 Nbd7 6. Qc2 Bd6 7. Be2 O-O 8. O-O dxc4 9. Bxc4 b5 10. Bd3 Bb7 11.
e4 e5 12. Bg5 h6 13. Bh4 exd4 14. Nxd4 Nc5 15. Rad1 Bxh2+ 16. Kxh2 Ng4+ 17. Kh3 Qxd4 18. Be2 Qe5 19. Bxg4 Bc8 20. Bxc8 Raxc8 21. f4 Qe8 22. e5 f5 23. exf6 b4 24. Rfe1 1-0

[Event "Late-Titled-Tuesday-Blitz-May-07-2024"]
[Site "Chess.com"]
[Date "2024.05.07"]
[Round "6"]
[White "APOKALIPSA13"]
[Black "egnfanclub"]
[Result "1-0"]
[WhiteElo "2190"]
[BlackElo "2327"]
[TimeControl "180+1"]
[EndTime "15:03:54 PDT"]
[Termination "APOKALIPSA13 won by checkmate"]

1. e4 e5 2. d4 exd4 3. Qxd4 Nc6 4. Qe3 g6 5. Bd2 Bg7 6. Nc3 Nf6 7. e5 Ng4 8. Qe2 Ngxe5 9. f4 O-O 10. fxe5 Nxe5 11.
O-O-O d5 12. Nf3 Bg4 13. Bf4 Nxf3 14. gxf3 Be6 15. Qd2 c6 16. Bh6 b5 17. Bxg7 Kxg7 18. Qd4+ Kg8 19. h4 h5 20. Bd3 a5 21. Rdg1 Kh7 22.
Qe5 Kh6 23. Rg5 Qb8 24. Rxh5+ gxh5 25. Qg5# 1-0

[Event "Late-Titled-Tuesday-Blitz-May-07-2024"]
[Site "Chess.com"]
[Date "2024.05.07"]
[Round "6"]
[White "Flaccidmoves"]
[Black "Pidzsy"]
[Result "0-1"]
[WhiteElo "2385"]
[BlackElo "2582"]
[TimeControl "180+1"]
[EndTime "15:03:55 PDT"]
[Termination "Pidzsy won by resignation"]

1. e4 g6 2. d4 Bg7 3. Nf3 d6 4. Bc4 e6 5. Bb3 Ne7 6. c3 Nd7 7. h4 d5 8. e5 h6 9. Nbd2 c5 10. Nf1 b6 11. Ne3 a5 12. h5 g5 13. Ng4 Ba6 14. Bc2 cxd4 15. cxd4 Qc7 16. Bxg5 hxg5 17. h6 Bf8 18. Nxg5 Nf5 19. Bxf5 Bb4+ 20. Qd2 Bxd2+ 21. Kxd2 exf5 22. Rac1 Qd8 23. f4 fxg4 24. h7 Rc8 25. Rxc8 Qxc8 26. Rc1 Qxc1+ 27. Kxc1 Bd3 0-1

[Event "Late-Titled-Tuesday-Blitz-May-07-2024"]
[Site "Chess.com"]
[Date "2024.05.07"]
[Round "6"]
[White "NovakRatko"]
[Black "Navyblue1"]
[Result "1-0"]
[WhiteElo "2410"]
[BlackElo "2231"]
[TimeControl "180+1"]
[EndTime "15:03:57 PDT"]
[Termination "NovakRatko won by resignation"]

1. d4 Nf6 2. c4 g6 3. Nc3 Bg7 4. e4 d6 5. f3 O-O 6. Be3 c5 7.
dxc5 dxc5 8. Qxd8 Rxd8 9. Bxc5 Nc6 10. Nd5 e6 11. Ne7+ Nxe7 12. Bxe7 Re8 13. Ba3 Bd7 14. O-O-O Bc6 15. Ne2 Rac8 16. Nc3 Nd7 17. Kc2 Nb6 18. b3 Nd7 19. Be2 Bxc3 20. Kxc3 b5 21.
Kb2 bxc4 22. Bxc4 Nb6 23. Ba6 Rb8 24. Ka1 Rbd8 25. Bc5 f5 26. exf5 exf5 27. a4 Bd5 28.
Bxb6 axb6 29. Rxd5 Rxd5 30. Bc4 Rd8 31. Rd1 Kf8 32.
Rxd5 Ke7 33. Rxd8 1-0

[Event "Late-Titled-Tuesday-Blitz-May-07-2024"]
[Site "Chess.com"]
[Date "2024.05.07"]
[Round "6"]
[White "Mikhal867"]
[Black "hsd2016"]
[Result "1-0"]
[WhiteElo "2524"]
[BlackElo "2354"]
[TimeControl "180+1"]
[EndTime "15:04:02 PDT"]
[Termination "Mikhal867 won by resignation"]

1. d4 d5 2. c4 c6 3. Nf3 Nf6 4. g3 Bg4 5. Bg2 e6 6. O-O Nbd7 7. Nc3 Bd6 8. Qb3 Qc8 9. Re1 O-O 10. e4 dxe4 11. Nxe4 Nxe4 12. Rxe4 Nf6 13. Re1 Qc7 14. Ne5 Bxe5 15. Rxe5 Nd7 16. Re1 Rfe8 17. Bf4 e5 18. dxe5 Nxe5 19. Bxe5 Rxe5 20. Rxe5 Qxe5 21. Qxb7 Rd8 22. h3 Be6 23. Rc1 h6 24. b3 Rd2 25.
Qxa7 c5 26. Qa8+ Kh7 27. Qe4+ Qxe4 28. Bxe4+ f5 29. Bb1 Rb2 30. Re1 Bd7 31. g4 Kg6 32. Kg2 Kf6 33. Kg3 g5 34. Bxf5 Bxf5 35. gxf5 Rxa2 36.
Re6+ Kxf5 37. Rc6 Rb2 38. Rxc5+ Kg6 39. Rb5 1-0

[Event "Late-Titled-Tuesday-Blitz-May-07-2024"]
[Site "Chess.com"]
[Date "2024.05.07"]
[Round "6"]
[White "Seppppppy"]
[Black "PNEPaul"]
[Result "1-0"]
[WhiteElo "2176"]
[BlackElo "1939"]
[TimeControl "180+1"]
[EndTime "15:04:06 PDT"]
[Termination "Seppppppy won by resignation"]

1. e4 e5 2. Nf3 Nc6 3. Bc4 Be7 4. d4 exd4 5. Nxd4 d6 6. Nxc6 bxc6 7. Qf3 Nf6 8. Nc3 O-O 9. Bg5 Nxe4 10. Bxe7 Qxe7 11. Qxe4 Qxe4+ 12. Nxe4 d5 13. Nd2 dxc4 14. Nxc4 Be6 15. Ne3 Rab8 16. b3 f5 17. O-O-O f4 18. Nf1 Rfd8 19. Nd2 Bf5 20. f3 Kf7 21. Nc4 Rxd1+ 22. Rxd1 Re8 23. Rd4 g5 24. h4 h6 25. hxg5 hxg5 26. Rd2 Re1+ 27. Kb2 Be6 28. Na5 Bd5 29. c4 1-0

[Event "Late-Titled-Tuesday-Blitz-May-07-2024"]
[Site "Chess.com"]
[Date "2024.05.07"]
[Round "6"]
[White "hikaruchija"]
[Black "rionelG"]
[Result "1-0"]
[WhiteElo "2509"]
[BlackElo "2285"]
[TimeControl "180+1"]
[EndTime "15:04:19 PDT"]
[Termination "hikaruchija won by checkmate"]

1. e4 c5 2. Nc3 a6 3. g3 Nc6 4. Bg2 g6 5. d3 Bg7 6. Be3 Nd4 7.
Qd2 e6 8. Nd1 d6 9. c3 Nc6 10.
Ne2 Nge7 11. Bh6 O-O 12. h4 Bxh6 13. Qxh6 Ne5 14. h5 Ng4 15. Qd2 d5 16. f3 Ne5 17.
d4 cxd4 18. cxd4 Nc4 19. Qh6 Re8 20. hxg6 fxg6 21. Qxh7+ Kf8 22. Rh6 Ng8 23. Rxg6 Nf6 24. Qg7# 1-0

[Event "Late-Titled-Tuesday-Blitz-May-07-2024"]
[Site "Chess.com"]
[Date "2024.05.07"]
[Round "6"]
[White "JG-17"]
[Black "elchacal664"]
[Result "1-0"]
[WhiteElo "2564"]
[BlackElo "2372"]
[TimeControl "180+1"]
[EndTime "15:04:22 PDT"]
[Termination "JG-17 won on time"]

1. d4 Nf6 2. c4 e5 3. dxe5 Ng4 4. Nf3 Bc5 5. e3 Nc6 6. Nc3 O-O 7. Be2 Re8 8. O-O a5 9. b3 Ncxe5 10. Bb2 Ra6 11. Nd5 Rh6 12. h3 Nxf3+ 13. Bxf3 Ne5 14. Be2 d6 15. Nf4 g5 16. Nd3 Nxd3 17. Qxd3 g4 18. Qc3 Re5 19. f4 Bxe3+ 20. Kh1 Qh4 21. fxe5 gxh3 22. g3 Qxg3 23. Rg1 1-0

[Event "Late-Titled-Tuesday-Blitz-May-07-2024"]
[Site "Chess.com"]
[Date "2024.05.07"]
[Round "6"]
[White "th3d4rkness"]
[Black "maurovargas01"]
[Result "1-0"]
[WhiteElo "2211"]
[BlackElo "1962"]
[TimeControl "180+1"]
[EndTime "15:04:31 PDT"]
[Termination "th3d4rkness won by checkmate"]

1. e4 c5 2. Nc3 d6 3. d4 cxd4 4. Qxd4 Nf6 5. Qd2 Nc6 6. b3 g6 7. Bb2 Bg7 8. O-O-O O-O 9. f3 a5 10. Bb5 Bd7 11. Nge2 Ne8 12. g4 Nc7 13. Bd3 Ne5 14.
Qe3 b5 15. h4 a4 16. h5 axb3 17. axb3 Nxd3+ 18. Rxd3 b4 19. Nb1 Bxb2+ 20. Kxb2 Nb5 21. Qh6 f5 22. hxg6 Ra2+ 23. Kxa2 Qa8+ 24. Kb2 Rf6 25. Qxh7+ Kf8 26. g7+ Kf7 27. g8=Q# 1-0

[Event "Late-Titled-Tuesday-Blitz-May-07-2024"]
[Site "Chess.com"]
[Date "2024.05.07"]
[Round "6"]
[White "pouya21"]
[Black "ChristopherYoo"]
[Result "1-0"]
[WhiteElo "2858"]
[BlackElo "2987"]
[TimeControl "180+1"]
[EndTime "15:04:38 PDT"]
[Termination "pouya21 won by resignation"]

1. e4 e5 2. Nf3 Nc6 3. Bb5 a6 4. Bxc6 dxc6 5. O-O f6 6. d4 exd4 7. Nxd4 c5 8. Ne2 Bd6 9. Bf4 Bxf4 10. Qxd8+ Kxd8 11.
Nxf4 Ne7 12. Rd1+ Ke8 13. Nc3 Bd7 14. Ncd5 Nxd5 15. Nxd5 Rc8 16. f3 Bc6 17. Ne3 Kf7 18.
Kf2 b6 19. Rd2 Rhd8 20. Rxd8 Rxd8 21. Rd1 Rxd1 22. Nxd1 Ke6 23. Ke3 f5 24. exf5+ Kxf5 25. Nf2 a5 26. h4 a4 27. a3 Ke6 28. Nd3 Bb5 29. g4 Bxd3 30. Kxd3 b5 31. Ke4 c4 32. c3 c6 33. f4 g6 34. f5+ gxf5+ 35.
gxf5+ Kd6 36. Kd4 h6 37. h5 Ke7 38. Ke5 c5 39. f6+ Kf7 40. Kf5 b4 41. Ke5 b3 42.
Kf5 Kf8 43. Kg6 Kg8 44. Kxh6 Kf7 45. Kg5 1-0

[Event "Late-Titled-Tuesday-Blitz-May-07-2024"]
[Site "Chess.com"]
[Date "2024.05.07"]
[Round "6"]
[White "Russian_berezka"]
[Black "Szparu"]
[Result "0-1"]
[WhiteElo "2600"]
[BlackElo "2909"]
[TimeControl "180+1"]
[EndTime "15:04:41 PDT"]
[Termination "Szparu won by resignation"]

1. d4 Nf6 2. Bf4 c5 3. e3 Nd5 4. Bg3 Qb6 5. Nc3 Nxc3 6. bxc3 Qa5 7. Qd2 d6 8. Nf3 g6 9. Be2 Bg7 10. O-O O-O 11. e4 Nd7 12. Qe3 Nf6 13. h3 Be6 14.
a4 Rfc8 15. d5 Bd7 16. c4 Nh5 17. Bh4 Re8 18. Ra3 e5 19. Nd2 Nf4 20. Bg3 Bh6 21. Nb3 Qb4 22. Bxf4 Bxf4 23. Qd3 Qxa3 24. a5 Qb4 25. g3 Bh6 26. h4 Rac8 27. Rb1 b5 28. axb6 Qxb6 29. Ra1 a5 30. g4 a4 31. g5 Bg7 32. Nd2 Ra8 33. Ra3 Reb8 34. Kg2 Qb2 35. h5 Qd4 36. Qf3 Qxd2 37. Qg3 Qf4 38. h6 Qxg3+ 39.
Kxg3 Bf8 40. Kf3 Be7 41. Bd1 0-1